 Dungeon Crawl Stone Soup version 0.32-a0-900-g30fb1b0edc (webtiles) character file.

Game seed: 12848410436938523006

9 julianmaster the Trooper (level 2, 26/26 HPs)
             Began as a Draconian Cinder Acolyte on Apr 5, 2024.
             Was a High Priest of Ignis.
             Quit the game on level 1 of the Dungeon.
             The game lasted 00:03:04 (121 turns).

julianmaster the Trooper (Draconian Cinder Acolyte)  Turns: 121, Time: 00:03:04

Health: 26/26      AC:  4    Str: 16    XL:     2   Next: 6%
Magic:  3/3        EV: 10    Int: 14    God:    Ignis [*****.]
Gold:   0          SH:  0    Dex:  6    Spells: 1/3 levels left

rFire   + . .        a - -1 spear (flame)
rCold   . . .        (no shield)
rNeg    . . .        (body armour unavailable)
rPois   .            (helmet restricted)
rElec   .            (no cloak)
rCorr   .            (no gloves)
SInv    .            (no boots)
Will    .....        (no amulet)
Stlth   +            (no ring)
HPRegen 0.24/turn    (no ring)
MPRegen 0.08/turn

%: no passive effects
@: no status effects
A: AC +4, unfitting armour, cold-blooded
a: Renounce Religion, Fiery Armour, Foxfire Swarm, Rising Flame


You were on level 1 of the Dungeon.
You worshipped Ignis.
Ignis was extremely pleased with you.
You visited 1 branch of the dungeon, and saw 1 of its levels.

Inventory:

Hand Weapons
 a - a -1 spear of flaming (weapon)


   Skills:
 + Level 3.4 Fighting
 + Level 3.1 Polearms
 + Level 1.2 Spellcasting
 + Level 3.1 Fire Magic


You had one spell level left.
You knew the following spells:

 Your Spells              Type           Power      Damage    Failure   Level
a - Scorch                Fire           18%        2d5       11%         2

Your spell library contained the following spells:

 Spells                   Type           Power      Damage    Failure   Level


Dungeon Overview and Level Annotations

Branches:
Dungeon (1/15)

Altars:


Innate Abilities, Weirdness & Mutations

Your plain brown scales are hard. (AC +4)
You cannot fit into any form of body armour.
You are cold-blooded and may be slowed by cold attacks.


Message History

The jackal attacks as it pursues you! The jackal closely misses you.
The jackal attacks as it pursues you! The jackal barely misses you.
You see here a hobgoblin corpse.
You closely miss the jackal.
The jackal bites you but does no damage.
The jackal barely misses you.
You hit the jackal but do no damage. The jackal closely misses you.
You miss the jackal.
The jackal bites you but does no damage.
You hit the jackal. You burn the jackal.
The jackal is heavily wounded.
The jackal closely misses you. The jackal misses you.
You hit the jackal but do no damage.
Your tail-slap misses the jackal.
The jackal is heavily wounded.
The jackal bites you but does no damage.
You closely miss the jackal.
The jackal is heavily wounded.
The jackal bites you.
You barely miss the jackal.
The jackal is heavily wounded.
The jackal completely misses you.
The jackal bites you but does no damage.
You closely miss the jackal.
The jackal is heavily wounded.
The jackal bites you but does no damage.
You hit the jackal. You burn the jackal.
You kill the jackal!
You hit the jackal. You burn the jackal.
You kill the jackal!
You have reached level 2!
You closely miss the jackal. The jackal barely misses you. x2
You hit the jackal. You burn the jackal.
You kill the jackal!
You see here a jackal corpse.
You start resting.
HP restored.
You start memorising the spell.
You continue memorising. x2
You finish memorising.
Spell assigned to 'a'.
Okay, then.
Are you sure you want to abandon this character and quit the game? (Confirm with "yes".)

#.... . #.... .#
....##. #####.#..
# #......†###...#
#.......).....#
####......#####..#
...........#
#.......##@##
..#.......##†#
..#.......##.#
.............##
.............#
#.........###
#.........#
#...ß.ß...#
####.<.####


There were no monsters in sight!

Vanquished Creatures
  2 giant cockroaches (D:1)
  A goblin (D:1)
  A hobgoblin (D:1)
  3 jackals (D:1)
7 creatures vanquished.

Notes
Turn   | Place    | Note
-------+----------+-------------------------------------------
     0 | D:1      | julianmaster the Draconian Cinder Acolyte began the quest
                  | for the Orb.
     0 | D:1      | Reached XP level 1. HP: 19/19 MP: 2/2
    52 | D:1      | Reached XP level 2. HP: 10/26 MP: 3/3
   121 | D:1      | Learned a level 2 spell: Scorch
   121 | D:1      | Quit the game

Illustrated notes

Levels and vault maps discovered:
D:1:      mrwooster_arrival_statue, layout_basic, minmay_hedge_maze

Action                     || total
---------------------------++-------
  Melee: Spear             ||    34
         Tailslap          ||     2
 Armour: Skin              ||    31
  Dodge: Dodged            ||    27

Table legend: (Time is in decaauts)
 A = Elapsed time spent in this place.
 B = Non-inter-level travel time spent in this place.
 C = Inter-level travel time spent in this place.
 D = Time resting spent in this place.
 E = Time spent auto-exploring this place.
 F = Levels seen in this place.
 G = Mean time per level.
                   A        B        C        D        E       F      G
               +--------+--------+--------+--------+--------+-----+--------+
         Total |    119 |    119 |      0 |     63 |     11 |   1 |  119.0 |
       Dungeon |    119 |    119 |      0 |     63 |     11 |   1 |  119.0 |
               +--------+--------+--------+--------+--------+-----+--------+

Top non-repeatable levels by time:
     D:1: 119 daAuts
